 Dungeon Crawl Stone Soup version 0.21.1-1-g345015fe64 (webtiles) character file.

8743 FreshCat the Grappler (level 11, 0/101 HPs)
             Began as a Troll Berserker on Apr 18, 2018.
             Was a High Priest of Trog.
             Slain by a troll (11 damage)
             ... on level 10 of the Dungeon.
             The game lasted 00:41:19 (8169 turns).

FreshCat the Grappler (Troll Berserker)             Turns: 8169, Time: 00:41:19

Health: 0/101      AC:  7    Str: 28    XL:     11   Next: 13%
Magic:  10/10      EV:  9    Int:  3    God:    Trog [*****.]
Gold:   512        SH:  8    Dex: 11    Spells: 10/10 levels left

rFire    . . .     SeeInvis .     - Unarmed
rCold    . . .     Gourm    +   w - +0 shield
rNeg     . . .     Faith    .   a - +2 animal skin
rPois    .         Spirit   .   (helmet restricted)
rElec    .         Reflect  .   (no cloak)
rCorr    +         Harm     .   (gloves unavailable)
MR       +++..                  (boots unavailable)
Stlth    ++........             (no amulet)
HPRegen  1.66/turn              m - ring of resist corrosion
MPRegen  0.12/turn              t - ring of protection from magic

@: about to teleport, berserk cooldown, regenerating, slowed, very slow
A: large, unfitting armour, claws 3, fast metabolism 3, gourmand, regeneration
1, shaggy fur 1, tough skin 2
a: Berserk, Trog's Hand, Brothers in Arms, Burn Spellbooks, Renounce Religion


You were on level 10 of the Dungeon.
You worshipped Trog.
Trog was extremely pleased with you.
You were very full.

You visited 2 branches of the dungeon, and saw 12 of its levels.

You collected 512 gold pieces.

Inventory:

Missiles
 d - 318 stones
 o - 6 tomahawks (quivered)
Armour
 a - a +2 animal skin (worn)
 w - a +0 shield (worn)
Jewellery
 m - a ring of resist corrosion (left claw)
 t - a ring of protection from magic (right claw)
Wands
 h - a wand of acid (11)
 r - a wand of flame (25)
 s - a wand of polymorph (7)
 u - a wand of disintegration (18)
 v - a wand of iceblast (10)
 x - a wand of enslavement (8)
Scrolls
 c - a scroll of teleportation
 e - 7 scrolls of remove curse
 p - 2 scrolls of fear
 q - 3 scrolls of enchant armour
 y - a scroll of identify
Potions
 f - 2 potions of haste
 g - a potion of ambrosia
 i - a potion of brilliance
 j - a potion of berserk rage {unknown}
 k - 2 potions of flight
 l - 7 potions of curing
 n - 5 potions of heal wounds
 B - a potion of might {unknown}
 C - a potion of agility
Miscellaneous
 A - a crystal ball of energy
Comestibles
 b - 25 rations
 z - 2 chunks of flesh


   Skills:
 + Level 4.7 Fighting
 * Level 7.4 Throwing
 + Level 5.6 Dodging
 + Level 2.7 Stealth
 + Level 0.3 Shields
 + Level 12.4 Unarmed Combat


You had 10 spell levels left.
You didn't know any spells.

Dungeon Overview and Level Annotations

Branches:
Dungeon (11/15)            Temple (1/1) D:6            Lair (0/6) D:8
    Orc: D:9-12

Altars:
Kikubaaqudgha
Qazlal
Ru
Sif Muna
Trog
Uskayaw
Xom


Innate Abilities, Weirdness & Mutations

You are too large for most types of armour.
You have claws for hands.
Your metabolism is lightning-fast.
You like to eat raw meat.
Your natural rate of healing is unusually fast.
You are covered in fur. (AC +1)
You have very tough skin. (AC +2)


Message History

Your shield prevents you from hitting the troll.
You barely miss the troll.
You are no longer berserk.
You are exhausted.
You feel yourself slow down. The troll bites you.
* * * LOW HITPOINT WARNING * * *
The troll barely misses you. x2
You closely miss the troll. You block the troll's attack. x2
The troll closely misses you.
Your skin crawls.
You feel resistant to hostile enchantments.
You feel somewhat less full. The troll closely misses you.
The troll barely misses you. You block the troll's attack.
The troll barely misses you. The troll claws you but does no damage.
The troll claws you.
* * * LOW HITPOINT WARNING * * *
As you read the scroll of teleportation, it crumbles to dust.
You feel strangely unstable. The troll closely misses you.
The troll claws you but does no damage. The troll claws you!
You die...

..# ..# #........# ..# #........'
##### #...$....###############
....# ........................
....# ........................
....# .....>..................
....# ......T.................
....#####.......@................
...........######'#########+#####
...........+.....††.#.........+..
...........#........#.........#..
)[.........#........#.....>...#..
...........#$...##.##....##...##.
###........#.... ####....####'##.
..'........#.... #.......#....#..
..#........#.... #.......#....#..


You could see a troll.

Vanquished Creatures
  A hydra (D:9)
  Erica (D:8)
  2 two-headed ogres
  Pikel (D:8)
  A manticore (D:9)
  Joseph (D:7)
  Maurice (D:11)
  The ghost of Oravi the Slinger, an amateur HaHu of Okawaru (D:5)
  A spriggan (D:9)
  6 yaks (D:10)
  A hungry ghost (D:8)
  An orc warrior (D:9)
  A black bear (D:9)
  2 necrophages
  4 ice beasts
  5 ogres
  A phantom (D:5)
  A centaur (D:5)
  2 big kobolds
  A gnoll sergeant (D:10)
  5 bullfrogs
  3 scorpions
  4 killer bees (D:8)
  A crimson imp (D:10)
  A centaur zombie (D:8)
  2 bullfrog zombies (D:8)
  2 jellies
  2 orc priests
  4 hounds
  Jessica (D:2)
  2 bullfrog skeletons
  2 iguanas
  6 orc wizards
  5 worker ants
  A hound skeleton (D:8)
  10 adders
  9 gnolls
  2 shadow imps
  4 adder zombies
  3 adder skeletons
  3 worms
  2 dart slugs
  11 leopard geckos
  35 orcs
  2 ball pythons
  6 bats
  2 giant cockroaches
  15 goblins
  16 hobgoblins
  16 jackals
  2 quokkas
  2 frilled lizards
  11 kobolds
  A leopard gecko skeleton (D:6)
  A quokka skeleton (D:4)
  21 rats
250 creatures vanquished.

Vanquished Creatures (others)
  2 slaves (D:8)
  An orc wizard (D:7)
  A hound (D:8)
  4 orcs
8 creatures vanquished.

Grand Total: 258 creatures vanquished

Notes
Turn   | Place    | Note
-------+----------+-------------------------------------------
     0 | D:1      | FreshCat the Troll Berserker began the quest for the Orb.
     0 | D:1      | Reached XP level 1. HP: 22/22 MP: 0/0
    55 | D:1      | Reached XP level 2. HP: 29/29 MP: 1/1
   188 | D:1      | Reached ** piety under Trog
   487 | D:1      | Reached XP level 3. HP: 32/36 MP: 2/2
  1061 | D:2      | Reached skill level 4 in Unarmed Combat
  1071 | D:2      | Reached XP level 4. HP: 43/44 MP: 3/3
  1329 | D:2      | Noticed Jessica
  1334 | D:2      | Killed Jessica
  1517 | D:3      | Found a stormy altar of Qazlal.
  1597 | D:3      | Reached *** piety under Trog
  1692 | D:3      | Reached XP level 5. HP: 50/52 MP: 4/4
  2026 | D:3      | Reached skill level 5 in Unarmed Combat
  2261 | D:5      | Entered Level 5 of the Dungeon
  2745 | D:4      | Reached skill level 1 in Throwing
  2997 | D:5      | Reached XP level 6. HP: 51/61 MP: 5/5
  3216 | D:6      | Reached **** piety under Trog
  3216 | D:6      | Reached skill level 6 in Unarmed Combat
  3313 | D:5      | Noticed Oravi's ghost (amateur HaHu)
  3331 | D:5      | Killed Oravi's ghost
  3331 | D:5      | Reached skill level 1 in Stealth
  3331 | D:5      | Reached XP level 7. HP: 21/67 MP: 6/6
  3591 | D:6      | Reached skill level 7 in Unarmed Combat
  3735 | D:7      | Noticed Joseph
  3915 | D:7      | Killed Joseph
  3915 | D:7      | Reached XP level 8. HP: 14/75 MP: 7/7
  4052 | D:6      | Reached skill level 8 in Unarmed Combat
  4209 | D:6      | Found a staircase to the Ecumenical Temple.
  4219 | Temple   | Entered the Ecumenical Temple
  4788 | D:8      | Noticed Erica
  4803 | D:8      | Killed Erica
  4803 | D:8      | Reached skill level 9 in Unarmed Combat
  4803 | D:8      | Reached XP level 9. HP: 42/84 MP: 8/8
  4917 | D:8      | Found a staircase to the Lair.
  4933 | D:8      | Reached ***** piety under Trog
  5012 | D:8      | Noticed Pikel
  5020 | D:8      | Killed Pikel
  5020 | D:8      | Reached skill level 5 in Throwing
  5020 | D:8      | Reached skill level 10 in Unarmed Combat
  5486 | D:8      | Identified the Collected Works on Contamination and Calling
  6135 | D:7      | Found a deep blue altar of Sif Muna.
  6583 | D:9      | Reached XP level 10. HP: 92/92 MP: 9/9
  6687 | D:9      | Reached skill level 5 in Dodging
  6722 | D:9      | Reached skill level 11 in Unarmed Combat
  6776 | D:10     | Entered Level 10 of the Dungeon
  7021 | D:9      | Found a sacrificial altar of Ru.
  7021 | D:9      | Found an ancient bone altar of Kikubaaqudgha.
  7077 | D:9      | Found a shimmering altar of Xom.
  7080 | D:9      | Noticed a two-headed ogre
  7083 | D:9      | Found a hide-covered altar of Uskayaw.
  7097 | D:9      | Killed a two-headed ogre
  7179 | D:9      | Noticed a manticore
  7193 | D:9      | Killed a manticore
  7292 | D:9      | Noticed a five-headed hydra
  7297 | D:9      | Received a gift from Trog
  7300 | D:9      | Killed an eight-headed hydra
  7623 | D:10     | Noticed a two-headed ogre
  7635 | D:10     | Killed a two-headed ogre
  7635 | D:10     | Reached skill level 12 in Unarmed Combat
  8034 | D:11     | Noticed Maurice
  8039 | D:11     | Killed Maurice
  8039 | D:11     | Reached XP level 11. HP: 100/100 MP: 10/10
  8169 | D:10     | Slain by a troll

Skill      XL: |  1  2  3  4  5  6  7  8  9 10 |
---------------+-------------------------------+-----
Unarmed Combat | 4 5 6 7 9 10 12 | 12.4
Dodging        | 3 4 5 |  5.6
Fighting       | 3 4 |  4.7
Throwing       | 1 2 3 4 5 7 |  7.4
Stealth        | 1 2 |  2.7
Shields        | |  0.3

Action                   |  1- 3 |  4- 6 |  7- 9 | 10-12 || total
-------------------------+-------+-------+-------+-------++-------
Melee: Unarmed           |   104 |   146 |   217 |   148 ||   615
       Punch             |     2 |     5 |    12 |     8 ||    27
Throw: Stone             |     9 |     3 |    47 |     2 ||    61
       Tomahawk          |       |       |     4 |     2 ||     6
Invok: Berserk           |       |     2 |     1 |     4 ||     7
       Burn Spellbooks   |       |       |     1 |       ||     1
       Trog's Hand       |       |       |       |     1 ||     1
  Use: Scroll            |     5 |     8 |     8 |     2 ||    23
       Potion            |       |     1 |     1 |     1 ||     3
 Stab: Sleeping          |       |     2 |     3 |       ||     5
  Eat: Chunk             |    15 |    18 |    41 |    17 ||    91
Armor: Animal skin       |    31 |    50 |    56 |    39 ||   176
Dodge: Dodged            |    56 |    69 |   105 |    61 ||   291
Block: Shield            |       |       |       |    17 ||    17
